 Dungeon Crawl Stone Soup version 0.30-a0-462-gd5975efbca (webtiles) character file.

Game seed: 16417249147137228435

29938 Fonys the Unseen (level 13, -60/71 HPs)
             Began as a Spriggan Enchanter on Dec 16, 2022.
             Was a High Priest of Dithmenos.
             Annihilated by a titanic slime creature (95 damage)
             ... on level 13 of the Dungeon.
             The game lasted 00:30:58 (14525 turns).

Fonys the Unseen (Spriggan Enchanter)              Turns: 14525, Time: 00:30:58

Health: -60/71     AC: 12    Str:  5    XL:     13   Next: 17%
Magic:  31/31      EV: 29    Int: 15    God:    Dithmenos [*****.]
Gold:   1760       SH:  0    Dex: 20    Spells: 28/39 levels left

rFire   . . .      SeeInvis +    n - +10 short sword of Objectivity {spect, +Blink}
rCold   . . .      Faith    .    (no shield)
rNeg    + . .      Spirit   .    K - +4 steam dragon scales
rPois   +          Reflect  .    (helmet restricted)
rElec   .          Harm     .    w - +2 ratskin cloak {*Rats rPois rN+ Str-1 Int-1 Dex+1}
rCorr   .          Rampage  .    (gloves unavailable)
Will    ++...      Rnd*Tele +    (boots unavailable) Stlth *+++++++++
                                 (no amulet)
HPRegen 0.31/turn                B - +4 ring of evasion
MPRegen 0.22/turn                A - ring of wizardry

@: wreathed by umbra, very quick
A: very small, no large weapons, unfitting armour, see invisible, speed 3,
robust 1, teleportitis 1
a: Renounce Religion, Evoke Blink, Shadow Step, Shadow Form


You were on level 13 of the Dungeon.
You worshipped Dithmenos.
Dithmenos was extremely pleased with you.
You visited 2 branches of the dungeon, and saw 14 of its levels.
You also visited: Sewer, Ossuary and Bailey.

You collected 1760 gold pieces.

Inventory:

Hand Weapons
 a - a +2 vampiric dagger
 l - a +2 dagger of venom
 n - the +10 short sword of Objectivity (weapon) {spect, +Blink}
   (You found it on level 4 of the Dungeon)

   When its wielder attacks, the weapon's spirit leaps out and strikes again.
   The spirit shares a part of any damage it takes with its wielder.
   +Blink:    It lets you blink.
 o - a +2 dagger of electrocution
 G - a +1 quick blade of protection
 J - a +4 dagger of chaos
Missiles
 b - 4 throwing nets (quivered)
 C - a curare-tipped dart
Armour
 e - a +2 robe of willpower
 q - a +0 cloak
 w - the +2 ratskin cloak (worn) {*Rats rPois rN+ Str-1 Int-1 Dex+1}
   (You found it on level 3 of the Dungeon)

   When the wearer is hurt, rats may emerge from it to assist them.
   Str:       It affects your strength (-1).
   Int:       It affects your intelligence (-1).
   Dex:       It affects your dexterity (+1).
   rPois:     It protects you from poison.
   rN:        It protects you from negative energy.
 z - a scarf of resistance
 K - +4 steam dragon scales (worn)
Jewellery
 f - a ring of ice
 j - a ring of resist corrosion
 u - a ring of magical power
 A - a ring of wizardry (right hand)
 B - a +4 ring of evasion (left hand)
 F - a +6 ring of intelligence
 H - a ring of protection from cold
Wands
 k - a wand of mindburst (7)
 r - a wand of flame (23)
 y - a wand of charming (7)
Scrolls
 d - 11 scrolls of teleportation
 i - 4 scrolls of blinking
 s - a scroll of amnesia
 D - 5 scrolls of vulnerability
 O - 2 scrolls of fear
 P - a scroll of fog
 R - a scroll of butterflies
Potions
 c - 3 potions of invisibility
 g - 5 potions of flight
 h - 2 potions of berserk rage
 m - 2 potions of ambrosia
 t - 4 potions of brilliance
 v - a potion of magic
 x - 4 potions of curing
 I - 2 potions of lignification
 N - a potion of resistance
Miscellaneous
 L - a lightning rod (4/4)
 M - a box of beasts


   Skills:
 + Level 5.9 Fighting
 + Level 7.8 Short Blades
 + Level 9.7 Dodging
 + Level 16.7 Stealth
 + Level 13.6 Spellcasting
 + Level 13.8 Hexes


You had 28 spell levels left.
You knew the following spells:

 Your Spells              Type           Power      Damage    Failure   Level
a - Ensorcelled Hibernat  Hex/Ice        60%        N/A       1%          2
b - Tukima's Dance        Hex            51%        N/A       1%          3
c - Dazzling Flash        Conj/Hex       60%        N/A       1%          3
d - Confusing Touch       Hex            51%        N/A       1%          3

Your spell library contained the following spells:

 Spells                   Type           Power      Damage    Failure   Level
 Slow                     Hex            100%       N/A       0%          1
 Inner Flame              Hex/Fire       30%        N/A       1%          3
 Apportation              Tloc           20%        N/A       2%          1
 Necrotise                Necr           40%        1d6       2%          1
 Sting                    Tmut/Pois      40%        1d5       2%          1
 Blink                    Tloc           20%        N/A       4%          2
 Cigotuvi's Dreadful Rot  Necr/Pois/Air  20%        N/A       4%          2
 Poisonous Vapours        Pois/Air       20%        N/A       4%          2
 Gell's Gravitas          Tloc           10%        N/A       9%          3
 Lesser Beckoning         Tloc           20%        N/A       9%          3
 Mephitic Cloud           Conj/Pois/Air  10%        N/A       9%          3
 Teleport Other           Tloc           10%        N/A       9%          3
 Vampiric Draining        Necr           10%        2d6       9%          3
 Flame Wave               Conj/Fire      10%        2d6       26%         4
 Manifold Assault         Tloc           10%        N/A       26%         4
 Olgreb's Toxic Radiance  Pois           10%        N/A       26%         4
 Sticky Flame             Conj/Fire      10%        2d3       26%         4
 Agony                    Necr           10%        N/A       56%         5
 Alistair's Intoxication  Tmut/Pois      6%         N/A       56%         5
 Storm Form               Tmut/Air       5%         N/A       100%        7
 Borgnjor's Revivificati  Necr           5%         N/A       100%        8
 Necromutation            Tmut/Necr      5%         N/A       100%        8
 Death's Door             Necr           5%         N/A       100%        9


Dungeon Overview and Level Annotations

Branches:
Dungeon (13/15)            Temple (1/1) D:7            Lair (0/5) D:9
    Orc (0/2) D:12          Sewer (visited)         Ossuary (visited)
 Bailey (visited)
 Vaults: D:13-14

Altars:
Ashenzari
Cheibriados
Dithmenos
Fedhas
Gozag
Makhleb
Okawaru
Qazlal
Ru
Sif Muna
Trog
Uskayaw
Vehumet
Wu Jian
Yredelemnul
Zin
The Shining One

Shops:
D:2 [   D:3 (   D:4 (   D:7 [


Innate Abilities, Weirdness & Mutations

You are very small and have problems with some larger weapons.
You are too small for most types of armour.
You have supernaturally acute eyesight. (SInv)
You cover ground extremely quickly. (Speed+++)
You are robust. (+10% HP)
You are occasionally teleported next to monsters.


Message History

Unknown command.
You puncture the titanic slime creature!
The titanic slime creature is severely wounded.
Your +10 short sword of Objectivity {spect, +Blink} hits the titanic slime creature.
The titanic slime creature hits your +10 short sword of Objectivity {spect, +Blink}!!!!
Your spectral weapon shares its damage with you!
Your +10 short sword of Objectivity {spect, +Blink} fades away.
You are too injured to fight recklessly!
Unknown command.
You are too injured to fight recklessly!
Unknown command.
You are too injured to fight recklessly!
Unknown command.
You are too injured to fight recklessly!
Unknown command.
Unknown command.
You are too injured to fight recklessly!
Unknown command.
You are too injured to fight recklessly!
Unknown command.
Unknown command.
The titanic slime creature quivers.
You puncture the titanic slime creature!
The titanic slime creature is almost dead.
Your +10 short sword of Objectivity {spect, +Blink} hits the titanic slime creature.
The titanic slime creature closely misses you.
Unknown command.
You hit the titanic slime creature but do no damage.
The titanic slime creature is almost dead.
Your shadow hits the titanic slime creature with a short sword.
Your +10 short sword of Objectivity {spect, +Blink} hits the titanic slime creature!
The tyrant leech changes into a ghost moth!
Unknown command.
Unknown command.
You puncture the titanic slime creature!
The titanic slime creature is almost dead.
Your +10 short sword of Objectivity {spect, +Blink} hits the titanic slime creature!
The titanic slime creature hits you!!!!
Ouch! That really hurt!
You die...

...#####.......###
.........####....#
.........###.#.#.####
.........##.###.....#
.........#.##.##.##.#
..........##...##.#.##
.........##..#..##...#
........##..###..##..#
.......##..##)##@(##.##
......##..##...##J.##.##
.....##..##...##..##..)##
###.##..##..###..##y.##)#
# ##...##..##..J##..##.##
# ##.##..##)..##..##.## #
##.##..##}##..##.##
######..##..###..##.##
.......#.##..#..##.##


You could see a ghost moth shaped shifter (invisible), a titanic slime creature,
a slime creature and a friendly +10 short sword of Objectivity {spect, +Blink}
(summoned).

Vanquished Creatures
  A tengu reaver (D:13)
  A deep elf high priest (D:13)
  An ettin (D:13)
  A hydra (D:11)
  A catoblepas (D:13)
  3 centaur warriors
  3 two-headed ogres
  A boulder beetle (D:12)
  2 orc high priests (Bailey)
  2 deep elf knights (D:12)
  The ghost of paps the Summoner, a novice OpSu of Gozag (D:8)
  Amaemon (D:8)
  2 orc knights
  3 deep elf pyromancers
  2 manticores
  5 cyclopes
  A gargoyle (D:13)
  2 unseen horrors (D:12)
  Psyche (D:8)
  3 kobold demonologists (D:9)
  A komodo dragon (D:13)
  3 trolls
  Grinder (D:6)
  2 hornets
  3 slime creatures (D:13)
  2 shadows
  2 vampires
  2 wraiths
  Grum (D:8)
  5 yaks (D:10)
  4 vampire mosquitoes (D:11)
  3 steam dragons
  3 acid dragons
  A water moccasin (D:7)
  10 orc warriors
  2 sky beasts (D:7)
  3 ice beasts
  A black bear (D:7)
  4 wolves (D:8)
  3 ogres
  3 centaurs
  A phantom (D:7)
  6 kobold brigands
  4 gnoll sergeants
  6 bullfrogs
  5 scorpions
  12 wights
  14 killer bees
  11 howler monkeys
  8 electric eels
  6 centaur zombies (Ossuary)
  A hound (D:4)
  6 orc priests
  4 jellies
  Jessica (D:2)
  11 orc wizards
  2 mummies (Ossuary)
  9 gnolls
  7 adders
  2 white imps (D:6)
  2 ufetubi
  An adder zombie (Ossuary)
  7 worms
  The ghost of M4edhros the Sneak, a weakling OpDe (D:6)
  3 dart slugs
  49 orcs
  8 endoplasms
  8 giant cockroaches
  11 goblins
  10 hobgoblins
  14 jackals
  A quokka (D:4)
  3 training dummies (D:4)
  9 ball pythons
  6 bats
  7 frilled lizards
  A goblin zombie (Ossuary)
  11 hobgoblin zombies (Ossuary)
  A jackal zombie (Ossuary)
  7 kobolds
  9 kobold zombies (Ossuary)
  6 orc zombies (Ossuary)
  7 rats
  4 rat zombies
398 creatures vanquished.

Vanquished Creatures (collateral kills)
  An orange demon (D:8)
  A slime creature (D:13)
  An orc (D:11)
  A hobgoblin (Bailey)
4 creatures vanquished.

Vanquished Creatures (others)
  A wizard (D:12)
  4 dancing weapons
  An orc (D:12)
  4 plants (D:7)
  4 toadstools (D:8)
14 creatures vanquished.

Grand Total: 416 creatures vanquished

Notes
Turn   | Place    | Note
-------+----------+-------------------------------------------
     0 | D:1      | Fonys the Spriggan Enchanter began the quest for the Orb.
     0 | D:1      | Reached XP level 1. HP: 9/9 MP: 5/5
   313 | D:1      | Reached XP level 2. HP: 13/13 MP: 7/7
   316 | D:1      | Learned a level 2 spell: Ensorcelled Hibernation
   999 | D:2      | Noticed Jessica
  1011 | D:2      | Killed Jessica
  1012 | D:2      | Reached XP level 3. HP: 8/16 MP: 5/9
  1184 | D:2      | You fall into a shaft and drop 2 floors!
  1231 | D:4      | Learned a level 3 spell: Tukima's Dance
  1235 | D:4      | Learned a level 3 spell: Confusing Touch
  1250 | D:4      | Found a sand-covered staircase.
  1260 | Ossuary  | Entered an ossuary
  1415 | Ossuary  | Reached XP level 4. HP: 21/21 MP: 11/11
  1517 | Ossuary  | Reached skill level 5 in Hexes
  1543 | Ossuary  | Reached XP level 5. HP: 16/24 MP: 9/13
  1616 | Ossuary  | Reached skill level 5 in Spellcasting
  1695 | Ossuary  | Reached skill level 5 in Stealth
  1851 | Ossuary  | Reached XP level 6. HP: 27/28 MP: 10/15
  2000 | D:4      | Learned a level 3 spell: Dazzling Flash
  2223 | D:4      | Identified the +10 short sword of Objectivity {spect,
                  | +Blink}
  2404 | D:3      | Found a glowing silver altar of Zin.
  2498 | D:3      | Found Sejitej's Weapon Shop.
  2672 | D:2      | Found Ejosutzo's Antique Armour Shop.
  2717 | D:2      | Reached skill level 6 in Stealth
  3099 | D:2      | Found an opulent altar of Gozag.
  3261 | D:2      | Found a faded altar of an unknown god.
  3751 | D:3      | Found the +2 ratskin cloak {*Rats rPois rN+ Str-1 Int-1
                  | Dex+1}
  3799 | D:3      | Found a glowing golden altar of the Shining One.
  4271 | D:4      | Found Laames's Firing Range.
  4461 | D:5      | Entered Level 5 of the Dungeon
  4483 | D:5      | Reached XP level 7. HP: 32/32 MP: 17/17
  4507 | D:5      | Found a shadowy altar of Dithmenos.
  4520 | D:5      | Became a worshipper of Dithmenos the Shadowed
  4697 | D:5      | Reached skill level 7 in Stealth
  5253 | D:6      | Reached skill level 8 in Stealth
  5257 | D:6      | Reached XP level 8. HP: 29/36 MP: 10/19
  5346 | D:6      | Reached skill level 9 in Stealth
  5367 | D:6      | Noticed Grinder
  5371 | D:6      | Killed Grinder
  5388 | D:6      | Found a runed translucent door.
  5516 | D:6      | Found a glowing drain.
  5528 | Sewer    | Entered a sewer
  5559 | Sewer    | Reached * piety under Dithmenos
  5732 | Sewer    | Identified the +7 glaive "Vilium" {distort, rElec rPois
                  | Dex+3}
  5992 | D:6      | Reached skill level 10 in Stealth
  6020 | D:6      | Found a stormy altar of Qazlal.
  6338 | D:6      | Noticed M4edhros's ghost (weakling OpDe)
  6346 | D:6      | Killed M4edhros's ghost
  6490 | D:7      | Noticed a hornet
  6499 | D:7      | Killed a hornet
  6507 | D:7      | Reached XP level 9. HP: 39/39 MP: 18/22
  6527 | D:7      | Reached skill level 11 in Stealth
  6558 | D:7      | Noticed a centaur warrior
  6561 | D:7      | Identified the +0 chain mail of the Hot Ocelot {rF+ rCorr
                  | Int+2}
  6577 | D:7      | Killed a centaur warrior
  6578 | D:7      | Reached skill level 10 in Hexes
  6603 | D:7      | Reached skill level 12 in Stealth
  6714 | D:7      | Reached skill level 10 in Spellcasting
  6858 | D:7      | Reached ** piety under Dithmenos
  7182 | D:7      | Found a bloodstained altar of Trog.
  7197 | D:7      | Reached XP level 10. HP: 40/44 MP: 25/25
  7347 | D:7      | Reached skill level 13 in Stealth
  7422 | D:7      | Found a staircase to the Ecumenical Temple.
  7435 | Temple   | Entered the Ecumenical Temple
  7555 | D:7      | Found a burning altar of Makhleb.
  7582 | D:7      | Found a basalt altar of Yredelemnul.
  7645 | D:7      | Found Doan Gox's Antique Armour Boutique.
  7839 | D:8      | Found a hide-covered altar of Uskayaw.
  7880 | D:8      | Noticed Psyche
  7884 | D:8      | Killed Psyche
  7885 | D:8      | Reached skill level 1 in Fighting
  7904 | D:8      | Found an ornate altar of the Wu Jian Council.
  7988 | D:8      | Found a large runed translucent door.
  7988 | D:8      | Found a large runed translucent door.
  7989 | D:8      | Noticed paps's ghost (novice OpSu)
  7993 | D:8      | Noticed Amaemon
  7994 | D:8      | Noticed an orange demon
  8011 | D:8      | Killed an orange demon
  8019 | D:8      | Killed Amaemon
  8177 | D:8      | Killed paps's ghost
  8252 | D:8      | Reached skill level 5 in Dodging
  8353 | D:8      | Noticed Grum
  8370 | D:8      | Killed Grum
  8549 | D:8      | Reached skill level 14 in Stealth
  8549 | D:8      | Reached *** piety under Dithmenos
  8634 | D:9      | Reached XP level 11. HP: 51/51 MP: 27/27
  8652 | D:9      | Found a radiant altar of Vehumet.
  8743 | D:9      | Found a broken altar of Ashenzari.
  9022 | D:9      | Gained mutation: You occasionally shout uncontrollably at
                  | your foes. [potion of mutation]
  9022 | D:9      | Gained mutation: Your flesh is cold resistant. (rC+)
                  | [potion of mutation]
  9023 | D:9      | Lost mutation: Your flesh is cold resistant. (rC+) [potion
                  | of mutation]
  9023 | D:9      | Lost mutation: You occasionally shout uncontrollably at
                  | your foes. [potion of mutation]
  9023 | D:9      | Gained mutation: Armour fits poorly on your strangely
                  | shaped body. [potion of mutation]
  9023 | D:9      | Gained mutation: You have sharp fingernails. [potion of
                  | mutation]
  9023 | D:9      | Gained mutation: Your spells are a little harder to cast,
                  | but a little more powerful. [potion of mutation]
  9024 | D:9      | Lost mutation: Your spells are a little harder to cast, but
                  | a little more powerful. [potion of mutation]
  9024 | D:9      | Lost mutation: You have sharp fingernails. [potion of
                  | mutation]
  9024 | D:9      | Lost mutation: Armour fits poorly on your strangely shaped
                  | body. [potion of mutation]
  9024 | D:9      | Gained mutation: You are occasionally teleported next to
                  | monsters. [potion of mutation]
  9024 | D:9      | Gained mutation: You do not regenerate when monsters are
                  | visible. [potion of mutation]
  9024 | D:9      | Gained mutation: You have large cloven feet. [potion of
                  | mutation]
  9166 | D:9      | Found a staircase to the Lair.
  9540 | D:10     | Entered Level 10 of the Dungeon
  9599 | D:10     | Identified a scroll of acquirement
  9599 | D:10     | Acquired 719 gold pieces
  9632 | D:10     | Noticed a two-headed ogre
  9633 | D:10     | Found a flagged portal.
  9641 | D:10     | Killed a two-headed ogre
  9650 | Bailey   | Entered a bailey
  9819 | Bailey   | Reached **** piety under Dithmenos
  9932 | Bailey   | Acquired a +1 quick blade of protection
 10030 | Bailey   | Noticed an orc high priest
 10034 | Bailey   | Killed an orc high priest
 10106 | Bailey   | Noticed an orc knight
 10113 | Bailey   | Killed an orc knight
 10114 | Bailey   | Reached skill level 5 in Short Blades
 10222 | Bailey   | Found an iron altar of Okawaru.
 10222 | Bailey   | Noticed an orc high priest
 10229 | Bailey   | Killed an orc high priest
 10281 | Bailey   | Identified the +1 ring mail "Etyinaw" {Rampage rC+ Int-2
                  | Dex+9}
 10694 | D:10     | Found a shimmering blue altar of Sif Muna.
 10818 | D:10     | Found a sacrificial altar of Ru.
 10873 | D:10     | Reached skill level 15 in Stealth
 10967 | D:10     | Lost mutation: You have large cloven feet. [potion of
                  | mutation]
 10967 | D:10     | Lost mutation: You do not regenerate when monsters are
                  | visible. [potion of mutation]
 10967 | D:10     | Gained mutation: You are robust. (+10% HP) [potion of
                  | mutation]
 10981 | D:10     | Found an iron altar of Okawaru.
 11268 | D:11     | Noticed a two-headed ogre
 11274 | D:11     | Killed a two-headed ogre
 11357 | D:11     | Reached ***** piety under Dithmenos
 11632 | D:11     | Noticed a seven-headed hydra
 11642 | D:11     | Killed a seven-headed hydra
 11643 | D:11     | Reached XP level 12. HP: 8/63 MP: 29/29
 12402 | D:12     | Noticed a two-headed ogre
 12429 | D:12     | Killed a two-headed ogre
 12520 | D:12     | Reached skill level 5 in Fighting
 12661 | D:12     | Identified the +9 ring mail of Impermeability {Int+7}
 12711 | D:12     | Noticed a boulder beetle
 12725 | D:12     | Killed a boulder beetle
 12756 | D:12     | Reached skill level 16 in Stealth
 13092 | D:12     | Found a staircase to the Orcish Mines.
 13335 | D:13     | Noticed a centaur warrior
 13357 | D:13     | Killed a centaur warrior
 13463 | D:13     | Noticed a catoblepas
 13486 | D:13     | Killed a catoblepas
 13744 | D:13     | Reached XP level 13. HP: 60/71 MP: 31/31
 13788 | D:13     | Noticed a tengu reaver
 13866 | D:13     | Killed a tengu reaver
 13872 | D:13     | Noticed an ettin
 14274 | D:13     | Killed an ettin
 14514 | D:13     | a jorogumo changed into a fire dragon
 14514 | D:13     | Noticed a fire dragon (glowing shapeshifter)
 14515 | D:13     | a fire dragon changed into an ettin
 14515 | D:13     | Noticed an ettin (glowing shapeshifter)
 14520 | D:13     | an ettin changed into a tyrant leech
 14524 | D:13     | a tyrant leech changed into a ghost moth
 14524 | D:13     | Noticed a ghost moth (glowing shapeshifter)
 14525 | D:13     | Annihilated by a titanic slime creature

Illustrated notes

Levels and vault maps discovered:
D:1:      nagdon_arrival_zigzag_paths, layout_loops_ring
D:2:      layout_loops_corners, ebering_ecumenical_altar_sacrificial,
          serial_shops, nicolae_shop_behind_doors, basic_altar,
          minmay_pentomino_o2, uniq_jessica
D:3:      layout_basic, nicolae_tso_swordbearing_angel,
          mainiacjoe_overflow_brackets, serial_shops, nicolae_shop_behind_doors
D:4:      layout_loops_ring, enter_ossuary_4, grunt_ministairs_14,
          nicolae_shop_firing_range
D:5:      layout_gridville, kennysheep_mini_moat
D:6:      layout_basic, kennysheep_mini, cheibrodos_sewer_entry_bend,
          ebering_ghost_reflecting_pool, uniq_grinder
D:7:      nzn_winding_woodlands_cross [nzn_winding_woodlands_5x15_crooked,
          nzn_winding_woodlands_5x15_sidewinder,
          nzn_winding_woodlands_5x15_pockets, nzn_winding_woodlands_5x15_cabin,
          nzn_winding_woodlands_15x15_eel_pit], layout_loops_corners,
          lemuel_round_altar, mainiacjoe_overflow_tiny_flanked,
          mainiacjoe_overflow_small_starburst, minmay_temple_entry_glass,
          serial_shops, nicolae_diamond_shop, nicolae_fountain_basement
D:8:      layout_basic, lemuel_round_altar, mainiacjoe_overflow_surrounded_room,
          ebering_ghost_disaster_area, minmay_gold_behind_fungi, uniq_amaemon,
          uniq_psyche, uniq_grum
D:9:      layout_basic, mainiacjoe_overflow_catwalk, overflow_temple_1_default,
          lair_entry_dummy, st_stairs_6
D:10:     layout_cross, old_standard_altar, nicolae_ru_path_of_blood,
          okawaru_ov_weapons_minmay, enter_bailey_2
D:11:     layout_loops_ring, st_stairs_14, minmay_microvault
D:12:     layout_rooms, kennysheep_orc_monster_closet_entryway,
          minmay_fountain_box, minmay_misc_feat_doors, minmay_misc_feat_tiny,
          minivault_22, sword_in_stone
D:13:     layout_roguey, minmay_diamond_spiral
Temple:   nicolae_temple_bog_church

Skill      XL: |  1  2  3  4  5  6  7  8  9 10 11 12 |
---------------+-------------------------------------+-----
Spellcasting   | 3 4 5 6 7 8 10 11 12 13 | 13.6
Hexes          | 4 5 6 7 9 10 11 12 13 | 13.8
Stealth        | 5 6 8 10 12 14 15 16 | 16.7
Dodging        | 5 7 9 |  9.7
Fighting       | 2 4 5 |  5.9
Short Blades   | 3 6 7 |  7.8

Action                   |  1- 3 |  4- 6 |  7- 9 | 10-12 | 13-15 || total
-------------------------+-------+-------+-------+-------+-------++-------
Melee: Dagger            |   160 |   253 |       |       |       ||   413
       Punch             |       |     4 |     3 |     6 |     2 ||    15
       Short sword       |       |    79 |   146 |   392 |    48 ||   665
       Kick              |       |       |       |    33 |       ||    33
 Cast: Ensorcelled Hiber |     1 |     5 |     3 |     3 |     2 ||    14
       Confusing Touch   |       |     8 |     2 |       |       ||    10
       Tukima's Dance    |       |     2 |    13 |     3 |     3 ||    21
       Dazzling Flash    |       |       |       |     7 |       ||     7
 Abil: Evoke Blink       |       |       |       |     1 |       ||     1
Evoke: Wand              |       |       |     1 |     2 |       ||     3
  Use: Scroll            |     8 |     5 |     5 |    17 |     1 ||    36
       Potion            |     2 |     1 |     3 |    10 |     2 ||    18
 Stab: Sleeping          |     9 |    26 |    12 |    36 |     2 ||    85
       Confused          |       |     9 |     1 |       |       ||    10
       Distracted        |       |     1 |     5 |    11 |       ||    17
       Invisible         |       |       |       |     1 |     2 ||     3
Armor: Robe              |    16 |    61 |    17 |     2 |       ||    96
       Skin              |     3 |       |       |       |       ||     3
       Steam dragon scal |       |       |       |    37 |     5 ||    42
Dodge: Dodged            |   103 |   228 |   126 |   354 |    22 ||   833

Table legend: (Time is in decaauts)
 A = Elapsed time spent in this place.
 B = Non-inter-level travel time spent in this place.
 C = Inter-level travel time spent in this place.
 D = Time resting spent in this place.
 E = Time spent auto-exploring this place.
 F = Levels seen in this place.
 G = Mean time per level.
                   A        B        C        D        E       F      G
               +--------+--------+--------+--------+--------+-----+--------+
         Total |  10584 |  10362 |    222 |   1373 |   6254 |  17 |  622.6 |
       Dungeon |   8904 |   8682 |    222 |    892 |   5833 |  13 |  684.9 |
        Temple |      1 |      1 |      0 |      0 |      0 |   1 |    1.0 |
         Sewer |    355 |    355 |      0 |      0 |    235 |   1 |  355.0 |
       Ossuary |    560 |    560 |      0 |    190 |     16 |   1 |  560.0 |
        Bailey |    762 |    762 |      0 |    291 |    168 |   1 |  762.0 |
               +--------+--------+--------+--------+--------+-----+--------+

Top non-repeatable levels by time:
     D:7: 991 daAuts
    D:13: 964 daAuts
    D:12: 843 daAuts
     D:2: 777 daAuts
  Bailey: 762 daAuts
    D:11: 756 daAuts
     D:4: 672 daAuts
     D:1: 667 daAuts
     D:8: 608 daAuts
     D:9: 601 daAuts
 Ossuary: 560 daAuts
     D:6: 556 daAuts
    D:10: 534 daAuts
     D:3: 479 daAuts
     D:5: 450 daAuts
